[Event "Early-Titled-Tuesday-Blitz-May-14-2024"]
[Site "Chess.com"]
[Date "2024.05.14"]
[Round "2"]
[White "SirStrateg"]
[Black "brunomorado"]
[Result "1-0"]
[WhiteElo "2680"]
[BlackElo "2361"]
[TimeControl "180+1"]
[EndTime "8:19:33 PDT"]
[Termination "SirStrateg won by resignation"]

1. d4 d5 2. Bf4 Nf6 3. e3 e6 4. Nf3 Bd6 5. Bg3 O-O 6. Nbd2 Qe7 7. Bd3 Nc6 8. Ne5 Bxe5 9. dxe5 Nd7 10. f4 f6 11.
exf6 Qxf6 12. c3 e5 13. O-O e4 14. Bc2 Ne7 15. Nb3 c6 16. Qd4 Qg6 17. Bf2 Nf5 18. Qd1 Nf6 19. h3 h5 20. Nd4 Nd6 21. Kh2 Bd7 22.
b4 a6 23. Bh4 b5 24. a4 Nc4 25. Qe2 Ne8 26. axb5 cxb5 27. Bb3 Ned6 28. Be7 Rf7 29. Bxd6 Qxd6 30. Bxc4 dxc4 31. Qxh5 Raf8 32. Rad1 Qb6 33. g4 a5 34. Qc5 Qxc5 35. bxc5 Rc8 36. Ra1 a4 37.
Rfb1 Rxc5 38. Kg3 Rf6 39. Rb4 Ra6 40. Ra3 Rd5 41. h4 g6 42. Rb1 Kg7 43. Ra2 Ra8 44.
Rh1 Rh8 45. Rb2 Ra8 46. h5 gxh5 47. Rxh5 Rxh5 48. gxh5 a3 49. Ra2 Kh6 50. Nc2 Kxh5 51. Rxa3 Rxa3 52. Nxa3 Kg6 53. Nc2 Kf5 54. Nd4+ Kf6 55.
Kh4 Bc8 56. Nxb5 Be6 57. Nd4 Bd7 58. Kg3 Bc8 59. Kf2 Bd7 60. Ke2 Be8 61. Kd2 Kg6 62. Kc2 Kh5 63. Kd2 Kg4 64. Ne6 Kf3 65. Nc7 Bc6 66.
Ne6 Bd5 67. Nd4+ Kg4 68. Kc2 Kg3 69. Nf5+ Kf2 70. Kd2 Be6 71. Nd6 Bd5 72. f5 Kf3 73.
f6 Kf2 74. f7 Bxf7 75. Nxf7 Kf3 76. Nd6 Kf2 77. Nxc4 Kf3 78. Nd6 Kf2 79. Nxe4+ Kf3 80.
Nd6 Kf2 81. Nb5 1-0

[Event "Early-Titled-Tuesday-Blitz-May-14-2024"]
[Site "Chess.com"]
[Date "2024.05.14"]
[Round "2"]
[White "NovoselovRoman"]
[Black "FaustinoOro"]
[Result "0-1"]
[WhiteElo "2641"]
[BlackElo "2967"]
[TimeControl "180+1"]
[EndTime "8:19:34 PDT"]
[Termination "FaustinoOro won by resignation"]

1. e4 e5 2. Nf3 Nc6 3. Bc4 Bc5 4. c3 Nf6 5. d3 O-O 6. Bb3 a5 7. Nbd2 d6 8. h3 Ba7 9. g4 Be6 10. Bc2 d5 11. Qe2 Re8 12. Nf1 b5 13. Ng3 dxe4 14. Nxe4 Nd5 15. Nfg5 Qd7 16. Nxe6 Rxe6 17. Be3 Qd8 18.
Rd1 Nce7 19. d4 exd4 20. Bxd4 Bxd4 21. Rxd4 c5 22. Rd1 Qb6 23. O-O Re8 24. Qf3 Re5 25. Ng3 Nf6 26. Rfe1 Ng6 27. Rxe5 Nxe5 28. Qf5 h6 29.
Nh5 Nxh5 30. Qh7+ Kf8 31. gxh5 Qf6 32. Qf5 Nf3+ 33. Kf1 Qc6 34. Qh7 Qf6 35. Qh8+ Ke7 36. Qh7 Qf4 37. Qe4+ Qxe4 38. Bxe4 Ne5 39. Rd5 Kf6 40.
Rxc5 Nc4 41. Bd3 Nxb2 42. Bxb5 Rd8 43. a4 Rd2 44. Rc6+ Kg5 45. Rc7 Kxh5 46. Rxf7 g5 47. Rf6 g4 48. Be2 Kg5 49. Rf8 gxh3 50. Rg8+ Kf6 51. Rh8 Kg7 52. Re8 Rc2 53. Bb5 Rxc3 54. Kg1 Nd1 55. Re7+ Kf6 56. Rh7 Kg6 57. Re7 Rc1 58.
Kh2 Nxf2 59. Re2 Ng4+ 60. Kxh3 Nf6 61. Kg3 Rc3+ 62. Kf2 Kf5 63. Re7 Ng4+ 64. Kg2 Kf4 65. Rf7+ Kg5 66. Rg7+ Kh4 67. Bd7 Rg3+ 68. Kf1 Ne3+ 69. Kf2 Rxg7 0-1

[Event "Early-Titled-Tuesday-Blitz-May-14-2024"]
[Site "Chess.com"]
[Date "2024.05.14"]
[Round "2"]
[White "Incognito_Knight"]
[Black "Smiechu"]
[Result "0-1"]
[WhiteElo "2739"]
[BlackElo "2515"]
[TimeControl "180+1"]
[EndTime "8:19:34 PDT"]
[Termination "Smiechu won on time"]

1. e4 c5 2. d4 cxd4 3. Qxd4 Nc6 4. Qd3 g6 5. Nc3 Bg7 6. Nf3 d6 7. Be2 Nf6 8. O-O O-O 9. Nd5 Bg4 10. c3 Bxf3 11. Qxf3 e6 12. Nxf6+ Qxf6 13. Qxf6 Bxf6 14. Be3 Rfd8 15. Rfd1 Rd7 16. Rd2 Rad8 17. Rad1 Kf8 18. f4 Ke7 19. Bf3 Bg7 20. Kf2 Bf6 21. g3 Bg7 22. a4 Na5 23. Bxa7 Nc4 24. Rc2 Ra8 25. Bd4 f6 26. Be2 e5 27. Bxc4 exd4 28. cxd4 f5 29. Bb5 Rdd8 30. Rc7+ Kf8 31. exf5 gxf5 32. Rxb7 Rac8 33.
Rd2 Rc1 34. a5 Ra1 35. a6 Ra8 36. Kg2 Ra2 37. Rc2 Bxd4 38. Rcc7 Rxb2+ 39. Kh3 Bg1 40. Rf7+ Kg8 41. Rg7+ Kh8 42. Rxh7+ Kg8 43. Rhg7+ Kh8 44. Rh7+ Kg8 45. Rbg7+ Kf8 46. Rf7+ Kg8 47. Rhg7+ Kh8 48. Rh7+ Kg8 49. Rhg7+ Kh8 50. Kh4 Bd4 51. Rh7+ Kg8 52. Bc4 Bf6+ 53. Rxf6+ Kxh7 54. Rf7+ Kg6 55. g4 Rh8+ 56.
Kg3 Rhxh2 57. gxf5+ Kh6 58. Rf6+ Kg7 59. Rg6+ Kh7 60.
Bd5 Rhd2 61. Bf3 Ra2 62. Bb7 Ra3+ 63. Bf3 Rdd3 64. Kg4 Rxf3 65. f6 Rg3+ 66. Kf5 Rxg6 67. f7 Kg7 68. f8=Q+ Kxf8 69. Kxg6 Rxa6 0-1

[Event "Early-Titled-Tuesday-Blitz-May-14-2024"]
[Site "Chess.com"]
[Date "2024.05.14"]
[Round "2"]
[White "Lucky_Puncher"]
[Black "Sokoloco"]
[Result "1-0"]
[WhiteElo "2563"]
[BlackElo "2772"]
[TimeControl "180+1"]
[EndTime "8:19:37 PDT"]
[Termination "Lucky_Puncher won by resignation"]

1. d4 d6 2. Nf3 Nf6 3. c4 Bf5 4. Nc3 Ne4 5. Qb3 b6 6. g3 Nxc3 7. Qxc3 Be4 8. Bg2 Nd7 9. O-O g6 10. d5 Nf6 11. Bg5 Bg7 12. Qd4 Bxf3 13. Bxf3 O-O 14.
Qd2 a5 15. Rfe1 Nd7 16. Bg2 Nc5 17. e4 Qd7 18. Be3 e5 19. dxe6 Qxe6 20. e5 Rad8 21. Bg5 Rd7 22. Bc6 dxe5 23. Bxd7 Nxd7 24. Qd5 Nc5 25.
Rad1 Re8 26. Be3 Qxd5 27. cxd5 Na6 28. d6 c5 29. d7 Rd8 30. Rd6 Nb4 31. Red1 e4 32. f3 Nd3 33. fxe4 Nxb2 34. R1d5 Nc4 35. Bg5 f6 36. Bxf6 Bxf6 37. Rxf6 Kg7 38. Rc6 Kf7 39. Kf2 Ke7 40. Rc7 Ke6 41. Rc8 Rxd7 42. Rc6+ Ke7 43. Ke2 Rxd5 44. exd5 Kd7 45. Rf6 b5 46.
Rf7+ Kd6 47. Rxh7 Ne5 48. Rb7 b4 49. Ra7 Kxd5 50. Rxa5 Kd4 51. Ra6 c4 52. Kd2 c3+ 53.
Kc2 Nc4 54. Rxg6 Ne3+ 55. Kc1 Kd3 56. Rd6+ Ke4 57. Re6+ Kd4 58. h4 Nc4 59. h5 Nd2 60. Rd6+ Ke3 61. h6 b3 62. Re6+ Kf3 63. axb3 Nxb3+ 64.
Kd1 Nd4 65. Rf6+ Kg4 66. h7 c2+ 67. Kc1 Kg5 68. Rf8 Ne2+ 69. Kxc2 Nxg3 70. h8=Q Ne4 71. Rg8+ 1-0

[Event "Early-Titled-Tuesday-Blitz-May-14-2024"]
[Site "Chess.com"]
[Date "2024.05.14"]
[Round "2"]
[White "Shuvalov"]
[Black "margarita_2703"]
[Result "1/2-1/2"]
[WhiteElo "2554"]
[BlackElo "2357"]
[TimeControl "180+1"]
[EndTime "8:19:37 PDT"]
[Termination "Game drawn by repetition"]

1. d4 d5 2. c4 e6 3. Nf3 Nf6 4.
Nc3 c6 5. Bg5 h6 6. Bh4 Be7 7.
e3 O-O 8. Bd3 dxc4 9. Bxc4 b5 10. Bd3 Bb7 11. Rc1 a6 12. Bxf6 Bxf6 13. Ne4 Nd7 14.
O-O Be7 15. Bb1 Rc8 16. Qc2 f5 17. Nc5 Nxc5 18. dxc5 Bf6 19. Rfd1 Qe7 20. Rd6 Rcd8 21. Rcd1 Rxd6 22. cxd6 Qd7 23. Qc5 Rd8 24. b4 Bc8 25. Bc2 g6 26. Bb3 Be7 27. Ne5 Bxd6 28. Nxd7 Bxc5 29. Nxc5 Rxd1+ 30. Bxd1 Kf7 31. Bf3 e5 32. Bxc6 e4 33. f4 exf3 34. gxf3 Kf6 35. f4 g5 36. Kf2 Ke7 37. Kg3 Kd6 38. Bg2 a5 39. a3 axb4 40. axb4 Kc7 41. h4 g4 42. Kf2 Kd6 43. Ke1 Ke7 44. Kd2 Kf6 45.
Kc3 Kg6 46. Kd4 Kh5 47. e4 Kxh4 48. e5 Kg3 49. Bb7 Bxb7 50. Nxb7 Kxf4 51. e6 g3 52. e7 g2 53. e8=Q g1=Q+ 54. Kd5 Qg2+ 55. Kc5 Qxb7 56. Qh5 Qa6 57. Qh4+ Ke5 58. Qd4+ Ke6 59. Qd5+ Kf6 60.
Qd8+ Kg6 61. Qe8+ Kg5 62. Qe3+ f4 63. Qe5+ Kg4 64. Qg7+ Kf5 65. Qg2 h5 66. Qd5+ Kf6 67. Qd4+ Kg5 68. Qd5+ Kh4 69. Qh1+ Kg3 70. Qg1+ Kf3 71.
Qf1+ Ke3 72. Qe1+ Kd3 73. Qd1+ Ke4 74. Qe2+ Kf5 75. Qxh5+ Ke4 76. Qe2+ Kf5 77. Qh5+ Ke4 78. Qe2+ Kf5 79. Qh5+ 1/2-1/2

[Event "Early-Titled-Tuesday-Blitz-May-14-2024"]
[Site "Chess.com"]
[Date "2024.05.14"]
[Round "2"]
[White "ChainedDowntohell"]
[Black "RobertoJBM"]
[Result "0-1"]
[WhiteElo "2591"]
[BlackElo "2856"]
[TimeControl "180+1"]
[EndTime "8:19:40 PDT"]
[Termination "RobertoJBM won on time"]

1. Nf3 d5 2. e3 Nf6 3. c4 c6 4. b3 Bg4 5. h3 Bh5 6. Ba3 Nbd7 7. Be2 Bxf3 8. Bxf3 g6 9. O-O Bg7 10. Nc3 Ne5 11.
d4 Nxf3+ 12. Qxf3 O-O 13. cxd5 cxd5 14. Rfc1 Re8 15. Rc2 Qa5 16. Bb2 Rac8 17. Rac1 Rc6 18. Na4 Rec8 19. Rxc6 Rxc6 20. Rxc6 bxc6 21. Qe2 Ne4 22.
f3 Nd6 23. Ba3 Nc8 24. Bc5 Bf8 25. Kf2 f6 26. Qc2 Qa6 27. Bb4 Kf7 28. Nc5 Qb5 29.
Bd2 e5 30. a4 Qb6 31. Bc1 Bxc5 32. dxc5 Qb4 33. Bd2 Qb7 34. Qc3 Ne7 35. b4 a6 36.
Qd3 Ke6 37. g4 Qc8 38. e4 Qb7 39. exd5+ Nxd5 40. Qc4 f5 41. gxf5+ gxf5 42. Qh4 Qf7 43. Qh6+ Qg6 44. Qf8 f4 45. Qc8+ Ke7 46. Qb7+ Kd8 47. Qb8+ Kd7 48. Qxe5 Qg3+ 49. Ke2 Qg2+ 50. Ke1 Qh1+ 51.
Ke2 Qg2+ 52. Ke1 Qxf3 53. Qd6+ Ke8 54. Qxc6+ Ke7 55. Qd6+ Kf7 56. c6 Qh1+ 57. Ke2 Qe4+ 58. Kd1 Qd3 59. Qd7+ Kf6 60. Qd8+ Kf5 61. Qf8+ Ke4 62.
Qe8+ Kf3 63. Qh5+ Kf2 64. Qh4+ Kg2 65. Qg4+ Kf1 66. Kc1 Qc4+ 67. Kb1 Qb3+ 68. Kc1 Qc4+ 69. Kb1 Qxc6 0-1

[Event "Early-Titled-Tuesday-Blitz-May-14-2024"]
[Site "Chess.com"]
[Date "2024.05.14"]
[Round "2"]
[White "JJDAREK"]
[Black "JeFumeDesClopes"]
[Result "0-1"]
[WhiteElo "2397"]
[BlackElo "2708"]
[TimeControl "180+1"]
[EndTime "8:19:40 PDT"]
[Termination "JeFumeDesClopes won on time"]

1. d4 Nf6 2. c4 c5 3. d5 b5 4. cxb5 a6 5. f3 e6 6. e4 c4 7. Bxc4 axb5 8. Bb3 Bc5 9. Nh3 Qb6 10. Nc3 exd5 11.
Nxd5 Nxd5 12. Qxd5 O-O 13. Ng5 Bb7 14. Qf5 Bb4+ 15. Ke2 Qg6 16. Qxg6 hxg6 17. Rd1 d6 18. Bf4 Na6 19. Bxd6 Bxd6 20. Rxd6 Nc5 21. Rc1 Nxb3 22. axb3 Ra2 23. Rc2 f6 24. Ne6 Re8 25. Nc5 Bc8 26. g4 Kh7 27. Nd3 f5 28. gxf5 gxf5 29. e5 f4 30.
Nxf4 Rxe5+ 31. Kf2 Bf5 32. Rcd2 Rc5 33. R6d5 Rxd5 34.
Nxd5 Be6 35. Nc3 Ra1 36. Nxb5 Bxb3 37. Nd4 Bd5 38. Nf5 Be6 39. Ne3 Kg6 40. b4 Rb1 41.
Rd4 Kf6 42. Kg3 g5 43. Ng4+ Kf5 44.
Re4 Rg1+ 45. Kf2 Rb1 46. Re5+ Kf4 47. Rxe6 Rb2+ 48. Kg1 Kxf3 49. Re3+ Kxg4 50. Re4+ Kf3 51. Re1 Rxb4 52. Rf1+ Kg4 53. Kh1 Rb2 54. Rg1+ Kh4 55.
Re1 g4 56. Re3 Rd2 57. Kg1 Kg5 58. Kh1 Kf4 59. Rc3 Rd1+ 60. Kg2 Rd2+ 61. Kg1 Ke4 62. Kh1 Re2 63. Rb3 Kf4 64. Kg1 Rc2 65. Kh1 Ke4 66.
Kg1 Rc1+ 67. Kg2 Rc2+ 68. Kg1 Kf5 69. Kh1 Re2 70. Kg1 Kf4 71. Kh1 Re3 72. Rxe3 Kxe3 73. Kg1 Kf3 74. Kh1 Kf2 75. h4 g3 0-1

[Event "Early-Titled-Tuesday-Blitz-May-14-2024"]
[Site "Chess.com"]
[Date "2024.05.14"]
[Round "2"]
[White "temus_galaktionov"]
[Black "english_player_89"]
[Result "0-1"]
[WhiteElo "2876"]
[BlackElo "2617"]
[TimeControl "180+1"]
[EndTime "8:19:44 PDT"]
[Termination "english_player_89 won on time"]

1. d4 d5 2. c4 c6 3. Nf3 Nf6 4. Qb3 dxc4 5. Qxc4 Be6 6. Qc2 Nbd7 7. Nc3 Bg4 8. Bf4 e6 9. e3 Nd5 10. Bg3 Bxf3 11. gxf3 h5 12. h4 N7f6 13. Qb3 Qb6 14. Bc4 Rd8 15. O-O Bd6 16. Qxb6 Nxb6 17. Bb3 Ke7 18.
Rad1 Nbd5 19. Ne4 Bxg3 20. Nxg3 a5 21. Rc1 Ra8 22. a3 a4 23. Ba2 Ra5 24. Bc4 Nb6 25. Be2 g5 26. hxg5 Rxg5 27. Kh2 h4 28. Ne4 Nxe4 29. fxe4 Rhg8 30. Rg1 f5 31. Rxg5 Rxg5 32. e5 Nd5 33. Kh3 f4 34. e4 Nb6 35. Bf3 Rg7 36. Kxh4 Nd7 37. Bh5 c5 38. dxc5 Nxe5 39. c6 bxc6 40.
Rc5 Kf6 41. Bd1 Rg1 42. Rxe5 Kxe5 43. Bxa4 c5 44. f3 Rf1 45. Kg4 Rg1+ 46. Kh4 Rg3 47. Bd1 Kd4 48. b4 c4 49. a4 c3 50. a5 Rg1 51. Bc2 Rg2 52. Ba4 c2 53. Bxc2 Rxc2 54.
b5 Ra2 55. a6 Kc5 56. Kg5 Kxb5 57. Kxf4 Rxa6 58. Ke5 Kc5 59. f4 Rb6 60. f5 exf5 61.
exf5 Kc6 62. Ke6 Kc7+ 63. Ke7 Rb2 64. f6 Re2+ 65. Kf8 Kd7 66. f7 Rf2 67. Kg8 Ke7 68. Kg7 Rxf7+ 69. Kh8 Rf6 70. Kg8 Rf2 71. Kg7 Rg2+ 72.
Kh6 Kf6 73. Kh5 Rg1 74. Kh4 Rg8 75. Kh3 Kf5 0-1

[Event "Early-Titled-Tuesday-Blitz-May-14-2024"]
[Site "Chess.com"]
[Date "2024.05.14"]
[Round "2"]
[White "bascheyaro"]
[Black "santosalberto1987"]
[Result "1/2-1/2"]
[WhiteElo "2814"]
[BlackElo "2573"]
[TimeControl "180+1"]
[EndTime "8:19:44 PDT"]
[Termination "Game drawn by repetition"]

1. d4 Nf6 2. Bg5 Ne4 3. Bh4 c5 4. c3 cxd4 5. Qxd4 d5 6. e3 Nc6 7. Bb5 Qd6 8. Nf3 Bd7 9. Bxc6 Bxc6 10. Nbd2 Nxd2 11. Qxd2 e5 12. Rd1 Be7 13. c4 Rd8 14. cxd5 Bxd5 15. Bxe7 Qxe7 16. Qa5 Bxf3 17. Rxd8+ Qxd8 18. Qxe5+ Qe7 19. Qxe7+ Kxe7 20. gxf3 Rc8 21. Kd2 Rd8+ 22.
Ke2 Rc8 23. Rd1 Rc2+ 24. Rd2 Rc1 25. f4 Rh1 26. Rc2 Kd7 27. Rd2+ Ke6 28. Rd8 Rxh2 29. Rb8 Rh5 30. Rxb7 Ra5 31. a3 h5 32. Kf3 g6 33. Rb4 Kf6 34. a4 Rc5 35. b3 a5 36.
Rb6+ Ke7 37. b4 axb4 38. Rxb4 Ra5 39. Kg3 Ke6 40. Rd4 Kf6 41. f3 Ke6 42. e4 Kf6 43.
Kh4 Ke6 44. Rb4 Kf6 45. Rc4 Ke6 46. Kg3 Kf6 47. Kf2 Ke6 48. Ke3 Kf6 49. Kd3 Ra8 50. Kd2 Ke6 51. Ke3 Kf6 52. Rb4 Ke6 53. Kf2 Kf6 54. Kg3 Ke6 55. Kh4 Kf6 56. Rc4 Ra5 57. Rd4 Ke6 58. Rb4 Kf6 59. Kh3 Ke6 60. Rc4 Kf6 61. Rd4 Ke6 62. Kg2 Kf6 63. e5+ Kf5 64. Kg3 Ke6 65. Rd6+ Ke7 66. Rd4 Ke6 67. Rb4 Ke7 68.
f5 Rxe5 69. fxg6 fxg6 70. Rb7+ Kf6 71. Ra7 Re1 72. Ra6+ Kg5 73. Ra5+ Kf6 74. f4 Ra1 75. Ra6+ Kf5 76. Ra5+ Kf6 77. Ra6+ Kf5 78. Ra5+ Kf6 1/2-1/2

[Event "Early-Titled-Tuesday-Blitz-May-14-2024"]
[Site "Chess.com"]
[Date "2024.05.14"]
[Round "2"]
[White "kritipatel"]
[Black "IndianSchoolOfSuffering"]
[Result "0-1"]
[WhiteElo "2182"]
[BlackElo "2482"]
[TimeControl "180+1"]
[EndTime "8:19:46 PDT"]
[Termination "IndianSchoolOfSuffering won by resignation"]

1. e4 c5 2. d4 cxd4 3. c3 dxc3 4. Nxc3 Nc6 5. Nf3 d6 6. Bc4 a6 7. O-O Nf6 8. Qe2 Bg4 9. Rd1 e6 10. Bf4 Qb8 11. Rac1 Be7 12. h3 Bh5 13. Bb3 O-O 14. Na4 Nd7 15. Qe3 Bxf3 16. Qxf3 Nce5 17. Qg3 b5 18.
Nc3 Bf6 19. Bxe5 Nxe5 20. f4 Nd7 21. f5 Be5 22. Qg4 Bxc3 23. Rxc3 Ne5 24. Qg5 exf5 25. exf5 Qb6+ 26. Kh2 Qd8 27. f6 Ng6 28. Rcd3 Qxf6 29. Qxf6 gxf6 30. Rxd6 Kg7 31. Rf1 Ra7 32. Rfxf6 a5 33.
Rb6 a4 34. Bc2 Rd8 35. Rfc6 Rd2 36. Rxb5 Re7 37. Bxa4 Ree2 38. Rg5 Rxb2 39. Bb3 Rf2 40. h4 h6 41. Rg4 h5 42. Rg5 Kh6 43. Bxf7 Rxf7 44. Rgxg6+ Kh7 45. Rh6+ Kg7 46. Rxh5 Rff2 47.
Rg5+ Kf7 48. a4 Ra2 49. a5 Rf4 50. Rc7+ Kf6 51. Kg3 Rfa4 52. Rcc5 R2a3+ 53. Kh2 Rxh4+ 54. Kg1 Ra1+ 55. Kf2 Rha4 56. Rgf5+ Ke6 57. Rfe5+ Kd6 58. Red5+ Ke6 59. g3 R1a2+ 60. Kf3 R2a3+ 61. Kg2 Rg4 62. Rg5 Raxg3+ 63. Kf2 Rxg5 64. Rc6+ Kd7 65. Rb6 Rg2+ 66.
Ke3 Ra2 67. a6 Rga5 68. Rb7+ Kc6 69. Rh7 Rxa6 70. Rh6+ Kd7 71. Rxa6 0-1

[Event "Early-Titled-Tuesday-Blitz-May-14-2024"]
[Site "Chess.com"]
[Date "2024.05.14"]
[Round "2"]
[White "1stSecond"]
[Black "shrek4life02"]
[Result "1-0"]
[WhiteElo "2893"]
[BlackElo "2605"]
[TimeControl "180+1"]
[EndTime "8:19:47 PDT"]
[Termination "1stSecond won on time"]

1. Nf3 Nf6 2. d4 e6 3. g3 b6 4. Bg2 Bb7 5. O-O Be7 6. Qd3 d5 7. c4 dxc4 8. Qxc4 O-O 9. Nc3 c5 10. Rd1 Qc8 11. dxc5 Bxc5 12. Qh4 Nbd7 13. Bg5 h6 14.
Bxf6 Nxf6 15. Rac1 Qb8 16. e3 Rd8 17. Qf4 Qxf4 18. gxf4 Rac8 19. Ne5 Bxg2 20. Kxg2 Bd6 21. Nf3 a6 22. Na4 Rxc1 23. Rxc1 b5 24. Nb6 Ne4 25.
Rc6 Be7 26. a4 Bf6 27. b3 g6 28. Rc8 Rxc8 29. Nxc8 Nc5 30. axb5 axb5 31. Na7 b4 32.
Nc6 Bc3 33. Nfd4 Kf8 34. Nc2 Nxb3 35. N2xb4 Bxb4 36. Nxb4 Nc5 37. Kf3 Ke7 38. Nc2 Kf6 39.
Nb4 Kg7 40. Nc6 Kf6 41. Ne5 Kg7 42. Ke2 Kf6 43. f3 Kg7 44. Kd2 Kf6 45. Kc3 Nb7 46.
Kd4 Nd6 47. e4 Kg7 48. Nd7 Ne8 49. Ke5 Nc7 50. Nf6 Nb5 51. h4 h5 52. Ne8+ Kf8 53. Nf6 Kg7 54. Nd7 Nc3 55. Kd4 Ne2+ 56. Ke3 Nc3 57. Kd3 Nb5 58. Kc4 Nd6+ 59. Kc5 Ne8 60. Kc6 f6 61. Nc5 Kf7 62. Kd7 Ng7 63. Nb7 g5 64. Nd8+ Kg6 65. Nxe6 Nxe6 66. f5+ Kg7 67.
fxe6 gxh4 68. e7 h3 69. e8=Q Kh6 70. Qh8+ Kg5 71. Qg8+ Kf4 72. Qg1 Kxf3 73. Qh2 Kg4 74. Ke6 f5 75. exf5 h4 76. f6 Kf3 77. f7 Kg4 78. f8=Q Kg5 79. Qxh3 Kh5 80. Qg8 1-0

[Event "Early-Titled-Tuesday-Blitz-May-14-2024"]
[Site "Chess.com"]
[Date "2024.05.14"]
[Round "2"]
[White "vugarrasulov"]
[Black "Crazy_girl99"]
[Result "1-0"]
[WhiteElo "2988"]
[BlackElo "2649"]
[TimeControl "180+1"]
[EndTime "8:19:48 PDT"]
[Termination "vugarrasulov won on time"]

1. d4 Nf6 2. c4 e6 3. Nc3 Bb4 4.
Nf3 d5 5. Bg5 O-O 6. e3 Nbd7 7.
Rc1 h6 8. Bh4 c5 9. cxd5 exd5 10. Bd3 Qa5 11. O-O Re8 12. dxc5 Bxc5 13. Nb5 Qb6 14. Bg3 Rf8 15. a3 a6 16. Nc7 Ra7 17. b4 Bd6 18. Bxd6 Qxd6 19. Nd4 Ne5 20. Be2 b5 21.
Ncxb5 axb5 22. Nxb5 Qe7 23. Nxa7 Qxa7 24. Qd4 Qxd4 25.
exd4 Nc4 26. Bxc4 dxc4 27. b5 Be6 28. a4 Ra8 29. Ra1 Nd5 30. a5 Nc7 31. Rfb1 c3 32. b6 Na6 33. Rc1 Rc8 34. Rab1 Bf5 35. b7 Rb8 36. Rb6 Nc7 37. h3 c2 38. f3 Kf8 39.
g4 Bd3 40. Rb3 Bg6 41. Kf2 Na6 42. Rb6 Nc7 43. h4 h5 44. gxh5 Bf5 45. a6 Nxa6 46.
Rxa6 Rxb7 47. Ke3 Rb1 48. Kd2 Ke7 49. Ra5 Bh7 50. d5 Rb3 51. Ra7+ Kf6 52. Ke2 Bf5 53. d6 Rb6 54. d7 Rd6 55. Ra6 Bd3+ 56. Ke3 Bxa6 57. Rxc2 Ke7 58. Rg2 Rxd7 59. Rxg7 Rd6 60.
Kf4 Bd3 61. Kg5 Rd5+ 62. Kg4 Bf5+ 63. Kf4 Bc2 64. Rg5 Rd6 65. Rc5 Kf6 66. Rxc2 Rd4+ 67. Kg3 Rd5 68. Rc6+ Kg7 69. Kg4 Rd4+ 70. f4 Rd1 71.
h6+ Kh7 72. Kf5 Rd5+ 73. Kf6 Kxh6 74. Kxf7+ Kh5 75. Ke6 Rd1 76. f5 Re1+ 77. Kf7 Kxh4 78.
f6 Kg5 79. Kg7 Ra1 80. f7 Ra7 81. Kg8 1-0

[Event "Early-Titled-Tuesday-Blitz-May-14-2024"]
[Site "Chess.com"]
[Date "2024.05.14"]
[Round "2"]
[White "Kombinator01"]
[Black "Aslanov_Umid"]
[Result "0-1"]
[WhiteElo "2374"]
[BlackElo "2629"]
[TimeControl "180+1"]
[EndTime "8:19:48 PDT"]
[Termination "Aslanov_Umid won on time"]

1. e4 c5 2. Nf3 d6 3. d4 cxd4 4. Nxd4 Nf6 5. f3 e5 6. Nb3 d5 7. Bg5 d4 8. c3 Nc6 9. Bb5 Bd7 10. Bxc6 Bxc6 11. cxd4 Bb4+ 12. Nc3 exd4 13. Qxd4 Qxd4 14.
Nxd4 Bd7 15. Ke2 Rc8 16. Rac1 Be7 17. Rhd1 O-O 18. Bxf6 Bxf6 19. Nd5 Bg5 20. f4 Bg4+ 21. Nf3 Bd8 22. h3 Bd7 23. Ne5 Bb5+ 24. Ke3 Bh4 25.
b3 a5 26. Rxc8 Rxc8 27. g3 Bd8 28. a4 Ba6 29. g4 b5 30. Ra1 b4 31. Kd4 Rc2 32.
Nc4 Bb7 33. Rd1 Kf8 34. Kc5 Rh2 35. Ndb6 Be7+ 36. Kb5 Bxe4 37. Nxa5 Rxh3 38. Nd7+ Ke8 39. Ne5 h5 40. gxh5 Rxh5 41. Kc4 Rh3 42. Nac6 Rc3+ 43.
Kb5 Rxb3 44. Nxe7 Kxe7 45. Rd7+ Ke6 46. Rxf7 Rb1 47. Rxg7 b3 48. Nc4 Bd3 49. Kb4 b2 50. Rb7 Bxc4 51. Kc3 Bd5 52. Rxb2 Rf1 53. Re2+ Kd6 54. Rd2 Rxf4 55. Rd4 Rf3+ 56. Kb4 Kc6 57. Ka5 Kc5 58. Rd1 Rf6 59. Rb1 Bc4 60. Rb6 Rf7 61. Rb7 Rf8 62. Rc7+ Kd5 63. Rd7+ Kc6 64. Rd4 Kc5 65. Rd8 Rf6 66. Rc8+ Kd4 67. Kb4 Rb6+ 68. Ka5 Ra6+ 69. Kb4 Ra7 70. a5 Rb7+ 71. Ka4 Kc3 0-1

[Event "Early-Titled-Tuesday-Blitz-May-14-2024"]
[Site "Chess.com"]
[Date "2024.05.14"]
[Round "2"]
[White "campochess"]
[Black "andrzej"]
[Result "0-1"]
[WhiteElo "2101"]
[BlackElo "2465"]
[TimeControl "180+1"]
[EndTime "8:19:49 PDT"]
[Termination "andrzej won on time"]

1. Nc3 d5 2. d4 Nf6 3. Bf4 c5 4. e3 cxd4 5. exd4 a6 6. Be2 Nc6 7. Nf3 Bf5 8. a3 h6 9. Ne5 Rc8 10. O-O e6 11. Nxc6 Rxc6 12. Rc1 Bd6 13. Bg3 O-O 14.
Bd3 Bxd3 15. cxd3 Bxg3 16. hxg3 Qb6 17. Qe2 Qxd4 18. Rcd1 e5 19. Qe3 Qxe3 20. fxe3 d4 21. exd4 exd4 22. Ne2 Rd8 23. Rd2 Ng4 24. Rf4 h5 25.
Kf1 g6 26. Rxd4 Re8 27. Re4 Rce6 28. Nc3 f5 29. Rxe6 Rxe6 30. Re2 Rd6 31. Rd2 Kf7 32. Ke2 Ke6 33. Nd1 Ne5 34. Nf2 Nc6 35. Nh3 Nd4+ 36.
Ke3 Kf6 37. Nf4 Nc6 38. d4 g5 39. Ne2 Ne7 40. Nc3 b5 41. Na2 Nd5+ 42. Kf2 Rc6 43. Re2 Re6 44. Rc2 f4 45. gxf4 Nxf4 46. Nb4 a5 47. Nc6 Nd3+ 48. Kg1 Re1+ 49. Kh2 Nf4 50. Nxa5 Rd1 51. Nc6 h4 52. Rf2 Kg6 53. g3 hxg3+ 54. Kxg3 Rg1+ 55. Kh2 Rc1 56. Ne5+ Kf5 57. Rd2 Rb1 58.
Nd3 Nxd3 59. Rxd3 Rxb2+ 60. Kg3 Ke4 61. Rc3 Kxd4 62. Rc7 Rb3+ 63. Kg4 Rxa3 64. Kxg5 b4 65. Kf4 b3 66. Rb7 Kc3 67. Ke3 Ra1 68. Rc7+ Kb2 69.
Kd2 Rh1 70. Rc6 Rh7 71. Rd6 Rc7 72. Ra6 Rd7+ 73. Ke3 Rd5 74. Ke2 Kc1 0-1

[Event "Early-Titled-Tuesday-Blitz-May-14-2024"]
[Site "Chess.com"]
[Date "2024.05.14"]
[Round "2"]
[White "czechbul17"]
[Black "SaqoChess_Twitch"]
[Result "0-1"]
[WhiteElo "2170"]
[BlackElo "2684"]
[TimeControl "180+1"]
[EndTime "8:19:54 PDT"]
[Termination "SaqoChess_Twitch won on time"]

1. d4 d5 2. c4 e6 3. Nf3 Nf6 4.
g3 Be7 5. Bg2 O-O 6. O-O dxc4 7.
Qc2 a6 8. a4 c5 9. dxc5 Bxc5 10.
Qxc4 Nbd7 11. Rd1 Qe7 12. a5 b5 13. axb6 Nxb6 14. Qh4 Bb7 15. Nc3 Rfd8 16. Bg5 h6 17. Bxf6 Qxf6 18. Qxf6 gxf6 19. Nd2 Bxg2 20. Kxg2 Bb4 21.
Nf3 Bxc3 22. bxc3 Rxd1 23. Rxd1 Rc8 24. Ra1 Ra8 25. Ra5 Nc4 26. Rc5 Nd6 27. Nd2 a5 28. Nb1 a4 29. Na3 Kg7 30. Rc6 Nf5 31. e4 Ne7 32.
Rc7 Kf8 33. Kf3 f5 34. c4 fxe4+ 35. Kxe4 Nf5 36. c5 Rd8 37. Nb5 Rb8 38. Nc3 a3 39.
Ra7 Kg7 40. Rxa3 Rb4+ 41. Kd3 Rd4+ 42. Ke2 Rc4 43. c6 Rxc6 44. Ne4 Nd4+ 45. Kf1 Rb6 46.
Rd3 Rb1+ 47. Kg2 Nf5 48. Rd2 h5 49. Nd6 Nh6 50. h4 Kg6 51. Nc4 Ng4 52. Re2 Rb5 53.
Ne3 Re5 54. Kf3 Nf6 55. Nc4 Rf5+ 56. Kg2 Rc5 57. Ne5+ Kg7 58. Nd3 Rb5 59. Re5 Rb3 60.
Nf4 Kh6 61. Re2 Ra3 62. Kf1 Ng4 63. Kg2 e5 64. Nd5 f5 65. Ne7 f4 66. gxf4 exf4 67. Nf5+ Kg6 68. Nd4 Rd3 69. Nf3 Kf5 70. Ra2 Rd5 71. Rc2 Ra5 72. Rb2 Nf6 73. Nd4+ Kg4 74. f3+ Kxh4 75. Rb6 Ra2+ 76. Kg1 Nd5 77. Rg6 Ne3 78. Ne6 Ra1+ 79. Kh2 Ra2+ 80. Kg1 Nd5 81. Ng7 Kh3 82. Nxh5 Ra4 83. Kf2 Ra2+ 84. Kg1 Rb2 85. Nxf4+ Nxf4 86. Rh6+ Kg3 87. Rg6+ Nxg6 0-1

[Event "Early-Titled-Tuesday-Blitz-May-14-2024"]
[Site "Chess.com"]
[Date "2024.05.14"]
[Round "2"]
[White "A4RookA3"]
[Black "monomita"]
[Result "0-1"]
[WhiteElo "2432"]
[BlackElo "2754"]
[TimeControl "180+1"]
[EndTime "8:19:54 PDT"]
[Termination "monomita won by checkmate"]

1. e4 c6 2. d4 d5 3. e5 Bf5 4. h4 h5 5. Bd3 Bxd3 6. Qxd3 Qa5+ 7. Nd2 e6 8. Nf3 Ne7 9. O-O Nd7 10. Nb3 Qb5 11.
Qd1 a5 12. a4 Qa6 13. Bg5 Nf5 14. c3 Qb6 15. Qc2 c5 16. dxc5 Bxc5 17. Nxc5 Nxc5 18.
Nd4 Nxd4 19. cxd4 Nb3 20. Rad1 Nxd4 21. Qd3 Nc6 22. Kh1 Qxb2 23. Rb1 Qxe5 24. Rxb7 O-O 25. Qd1 f6 26. Re1 Qf5 27. Be3 Ne5 28. Qc1 Rf7 29. Rxf7 Kxf7 30. Qb2 Kg8 31. Qb7 Rf8 32. Rc1 Rf7 33. Rc8+ Kh7 34. Qa8 Ng6 35. Qxa5 e5 36. Rc5 d4 37. Bxd4 Qb1+ 38. Kh2 exd4 39. Rxh5+ Kg8 40.
Qa8+ Nf8 41. Qd5 Qb7 42. Qxd4 Qd7 43. Qxd7 Rxd7 44. Ra5 Ne6 45. g3 Nd4 46. Kg2 Kh7 47. Ra8 Rd5 48. a5 Nb3 49. a6 Na5 50. Rc8 Rd7 51.
Rc5 Nb3 52. Rb5 Nd4 53. Rb7 Rd8 54. a7 Ra8 55. Rd7 Nb5 56. Rb7 Nxa7 57. Rb2 Nc6 58. Rc2 Ne5 59. Rd2 Ra3 60. Re2 Kg6 61. Rb2 Kf5 62.
Re2 g5 63. hxg5 fxg5 64. f4 gxf4 65. gxf4 Kxf4 66. Rb2 Rg3+ 67. Kh2 Nf3+ 68. Kh1 Rg1# 0-1